 Dungeon Crawl Stone Soup version 0.19-a0-1008-g4c63d25 (webtiles) character file.

112 JeffiDaFish the Firebug (level 4, -4/33 HPs)
             Began as a Demigod Fire Elementalist on July 21, 2016.
             Killed by divine providence
             ... invoked by an orc priest
              (11 damage)
             ... on level 3 of the Dungeon.
             The game lasted 00:18:25 (2083 turns).

JeffiDaFish the Firebug (Demigod Fire Elementalist) Turns: 2083, Time: 00:18:26

Health: -4/33      AC:  2    Str: 11    XL:     4   Next: 37%
Magic:  2/10       EV: 13    Int: 21    God:
Gold:   122        SH:  0    Dex: 16    Spells: 3 memorised, 2 levels left

rFire  . . .     SeeInvis .     i - +2 dagger (holy)
rCold  + . .     Gourm    .     a - +0 robe
rNeg   . . .     Faith    .     (no shield)
rPois  .         Spirit   .     (no helmet)
rElec  .         Dismiss  .     (no cloak)
rCorr  .         Reflect  .     (no gloves)
SustAt +         Harm     .     (no boots)
MR     .....                    (no amulet)
Stlth  ++........               (no ring)
                                h - ring of protection from cold

@: not resistant to hostile enchantments, unstealthy
A: high mp 1, sustain attributes
a: no special abilities


You were on level 3 of the Dungeon.
You were not hungry.

You visited 1 branch of the dungeon, and saw 3 of its levels.

You collected 122 gold pieces.

Inventory:

Hand Weapons
 e - a +4 short sword
 i - a +2 dagger of holy wrath (weapon)
Armour
 a - a +0 robe (worn)
Jewellery
 f - a +3 ring of strength {unknown}
 h - a ring of protection from cold (left hand)
 k - a cursed -2 ring of protection {unknown}
Scrolls
 j - 2 scrolls of remove curse {unknown}
 l - a scroll of blinking
 m - a scroll of enchant armour {unknown}
 o - a scroll of identify {unknown}
 p - a scroll of teleportation {unknown}
Potions
 n - a potion of brilliance {unknown}
 q - a potion of cancellation {unknown}
Books
 b - a book of Flames

   Spells                             Type                      Level
   a - Flame Tongue                   Conjuration/Fire             1
   b - Throw Flame                    Conjuration/Fire             2
   c - Conjure Flame                  Conjuration/Fire             3
   d - Inner Flame                    Hexes/Fire                   3
   e - Sticky Flame                   Conjuration/Fire             4
   f - Fireball                       Conjuration/Fire             5
Comestibles
 c - 2 bread rations
 d - 8 chunks of flesh
 g - a meat ration


   Skills:
 + Level 0.1 Fighting
 + Level 2.2 Dodging
 + Level 2.3 Stealth
 + Level 2.6 Spellcasting
 + Level 1.1 Conjurations
 + Level 3.7 Fire Magic


You had 2 spell levels left.
You knew the following spells:

 Your Spells              Type           Power        Failure   Level  Hunger
a - Flame Tongue          Conj/Fire      ##...        6%          1    None
b - Throw Flame           Conj/Fire      ##....       10%         2    ##.....
c - Inner Flame           Hex/Fire       ##......     21%         3    ###....


Dungeon Overview and Level Annotations

Branches:
Dungeon (3/15)


Innate Abilities, Weirdness & Mutations

You have an increased reservoir of magic. (+10% MP)
Your attributes are resistant to harm.


Message History

The puff of flame hits the orc priest.
The orc priest is moderately wounded.
Casting: Throw Flame
Confirm with . or Enter, or press ? or * to list all spells.
You don't have enough magic to cast that spell.
The orc priest miscasts a cantrip.
The orc priest calls down the wrath of Beogh upon you.
Beogh smites you!
The orc priest mumbles some strange prayers to Beogh against you.
Pain shoots through your body!
You closely miss the orc. The orc closely misses you.
The orc priest calls down the wrath of Beogh upon you.
Beogh smites you!
* * * LOW HITPOINT WARNING * * *
The orc misses you.
An adder comes into view.
The adder moves out of view.
The orc priest mumbles some strange prayers to Beogh against you.
Beogh smites you!
You die...

#########......# #.
#<....)......### #.
############..#########
###............S...#.....
#>...................####
#.#o#######....#.....)...
# #.# ##....#.#.#.....
#.#.######....##.#.#.....
#...o.o.@.....+..........
#.########....####.....##
#. #(...# #####.# #
#)...# #.# .......)####
#.# .#......# #.#
#......# .. #......#
.........


You could see an orc priest, an adder (wandering) and an orc.

Vanquished Creatures
  5 adders (D:2)
  7 dart slugs
  5 orcs (D:3)
  5 giant cockroaches
  8 goblins
  3 hobgoblins
  4 kobolds
  A quokka (D:2)
  A ball python (D:2)
  4 bats (D:1)
  A giant newt (D:1)
  8 rats
52 creatures vanquished.

Notes
Turn   | Place    | Note
-------+----------+-------------------------------------------
     0 | D:1      | JeffiDaFish the Demigod Fire Elementalist began the quest for the Orb.
     0 | D:1      | Reached XP level 1. HP: 14/14 MP: 5/5
   157 | D:1      | Reached skill level 3 in Fire Magic
   360 | D:1      | Reached XP level 2. HP: 20/20 MP: 2/7
   476 | D:1      | Found an iron altar of Okawaru.
   751 | D:2      | Found a shimmering altar of Xom.
   849 | D:2      | Reached XP level 3. HP: 26/26 MP: 8/8
  1127 | D:2      | Reached skill level 1 in Conjurations
  1274 | D:2      | Found a faded altar of an unknown god.
  1364 | D:2      | Learned a level 2 spell: Throw Flame
  1378 | D:2      | Learned a level 3 spell: Inner Flame
  1422 | D:2      | Reached XP level 4. HP: 33/33 MP: 4/10
  2083 | D:3      | Killed from afar by an orc priest

Vault maps used:
D:1:      kennysheep_arrival_forest, okawaru_ov_weapons_minmay
D:2:      overflow_temple_1_default, first_bread, ecumenical_altar_2,
          serial_forest, infiniplex_forest_corner_1,
          infiniplex_forest_clump_tiny, infiniplex_forest_straight_5,
          infiniplex_forest_clump_curved

Skill      XL: |  1  2  3 |
---------------+----------+-----
Fire Magic     | 3 |  3.7
Stealth        | 2 |  2.3
Dodging        | 2 |  2.2
Spellcasting   | 2 |  2.6
Conjurations   | 1 |  1.1
Fighting       | |  0.1

Action                   |  1- 3 |  4- 6 || total
-------------------------+-------+-------++-------
Melee: Dagger            |    31 |    12 ||    43
       Mace              |     5 |       ||     5
       Unarmed           |     3 |       ||     3
 Cast: Flame Tongue      |    43 |       ||    43
       Throw Flame       |     2 |    18 ||    20
       Inner Flame       |       |     1 ||     1
  Use: Scroll            |     3 |       ||     3
       Potion            |     3 |       ||     3
 Stab: Sleeping          |     5 |       ||     5
  Eat: Chunk             |     2 |     3 ||     5
Armor: Robe              |    12 |     3 ||    15
Dodge: Dodged            |    33 |    13 ||    46
